 Dungeon Crawl Stone Soup version 0.31-a0-355-g57cb03d3e8 (webtiles) character file.

Game seed: 3794109077622496392

177 randomguy2701 the Trooper (level 5, 0/42 HPs)
             Began as a Human Berserker on July 24, 2023.
             Was a Priest of Trog.
             Slain by a kobold
             ... wielding a +0 dagger
              (1 damage)
             ... on level 3 of the Dungeon.
             The game lasted 00:03:44 (2793 turns).

randomguy2701 the Trooper (Human Berserker)         Turns: 2793, Time: 00:03:44

Health: 0/42       AC:  9    Str: 19    XL:     5   Next: 87%
Magic:  5/5        EV:  8    Int:  8    God:    Trog [***...]
Gold:   204        SH:  0    Dex: 12    Spells: 4/4 levels left

rFire   + . .        a - +0 falchion
rCold   . . .        (no shield)
rNeg    . . .        k - +0 chain mail
rPois   .            (no helmet)
rElec   .            (no cloak)
rCorr   .            (no gloves)
SInv    .            (no boots)
Will    .....        (no amulet) Stlth
                     h - ring of protection from fire
HPRegen 0.27/turn    j - ring of flight
MPRegen 0.09/turn

%: no passive effects
@: flying
A: no striking features
a: Renounce Religion, Berserk, Trog's Hand


You were on level 3 of the Dungeon.
You worshipped Trog.
Trog was most pleased with you.
You visited 1 branch of the dungeon, and saw 3 of its levels.

You collected 204 gold pieces.

Inventory:

Hand Weapons
 a - a +0 falchion (weapon)
 m - a +0 hand axe of freezing
Armour
 b - a +0 animal skin
 k - a +0 chain mail (worn)
Jewellery
 h - a ring of protection from fire (left hand)
 j - a ring of flight (right hand)
Talismans
 e - a beast talisman
Scrolls
 c - a scroll of identify {unknown}
 g - 4 scrolls of teleportation {unknown}
 i - a scroll of fear {unknown}
 n - a scroll of immolation {unknown}
Potions
 d - 2 potions of might {unknown}
 f - a potion of haste {unknown}
 l - a potion of enlightenment {unknown}


   Skills:
 + Level 4.1 Fighting
 + Level 4.1 Long Blades
 + Level 3.4 Armour
 - Level 2.4 Dodging


You had 4 spell levels left.
You didn't know any spells.
Your spell library was empty.

Dungeon Overview and Level Annotations

Branches:
Dungeon (3/15)

Altars:
Cheibriados
Dithmenos
Nemelex Xobeh


Message History

You hit the kobold but do no damage.
You feel sick.
The kobold throws a poisoned dart.
The poisoned dart barely misses you.
You feel sick.
You are no longer poisoned.
The kobold closely misses you. The kobold hits you but does no damage.
You hit the kobold.
The kobold is severely wounded.
The kobold hits you but does no damage. x2
You closely miss the kobold.
The kobold is severely wounded.
The kobold hits you but does no damage. The kobold hits you with a +0 dagger.
* * * LOW HITPOINT WARNING * * *
You hit the kobold.
You kill the kobold!
Trog accepts your kill. The kobold hits you with a +0 dagger.
* * * LOW HITPOINT WARNING * * *
You hit the worm.
The worm is moderately wounded.
The kobold hits you but does no damage. The worm bites you.
* * * LOW HITPOINT WARNING * * *
You hit the worm.
The worm is moderately wounded.
The kobold hits you but does no damage.
You hit the worm but do no damage.
The worm is moderately wounded.
The kobold hits you but does no damage. The worm bites you but does no damage.
You hit the worm.
The worm is moderately wounded.
The kobold hits you but does no damage. The worm bites you.
* * * LOW HITPOINT WARNING * * *
You hit the worm.
The worm is severely wounded.
The kobold hits you but does no damage.
You hit the worm.
The worm is severely wounded.
The kobold barely misses you. The worm bites you.
* * * LOW HITPOINT WARNING * * *
The kobold hits you with a +0 dagger.
You die...

#..#.######.#
#..#.#......#
#..#)..######
#..).#.#
###.####.#
#...# ..#
###.### ###
#.K.# ###@#
###w#
##.†.#+#####
#..........#
#..........#
#..........#
#..........#
#..........#
#..........#


You could see a worm and a kobold.

Vanquished Creatures
  An orc wizard (D:3)
  7 adders
  A worm (D:3)
  3 dart slugs
  6 orcs
  12 ball pythons
  3 bats
  3 endoplasms
  3 giant cockroaches
  7 goblins
  8 hobgoblins
  A quokka (D:3)
  5 frilled lizards
  7 kobolds
  13 rats
80 creatures vanquished.

Notes
Turn   | Place    | Note
-------+----------+-------------------------------------------
     0 | D:1      | randomguy2701 the Human Berserker began the quest for the
                  | Orb.
     0 | D:1      | Reached XP level 1. HP: 18/18 MP: 1/1
    67 | D:1      | Reached XP level 2. HP: 17/24 MP: 2/2
   522 | D:1      | Reached XP level 3. HP: 29/29 MP: 3/3
   784 | D:1      | Reached ** piety under Trog
  1387 | D:2      | Reached XP level 4. HP: 19/35 MP: 4/4
  2175 | D:3      | Reached XP level 5. HP: 40/42 MP: 5/5
  2359 | D:3      | Found a shadowy altar of Dithmenos.
  2359 | D:3      | Found a sparkling altar of Nemelex Xobeh.
  2359 | D:3      | Found a snail-covered altar of Cheibriados.
  2369 | D:3      | Reached *** piety under Trog
  2793 | D:3      | HP: 1/42 [worm (2)]
  2793 | D:3      | Slain by a kobold

Illustrated notes

Levels and vault maps discovered:
D:1:      eino_arrival_cavern_b, layout_loops_corners, minmay_tetromino_i4
D:2:      layout_basic
D:3:      minmay_thinvault, layout_basic,
          chequers_temple_overflow_statue_of_worship,
          pf_guarded_unrand_woodcutter

Skill      XL: |  1  2  3  4  5 |
---------------+----------------+-----
Armour         | 3 |  3.4
Fighting       | 4 |  4.1
Long Blades    | 4 |  4.1
Dodging        | |  2.4

Action                     |  1- 3 |  4- 6 || total
---------------------------+-------+-------++-------
  Melee: Falchion          |    96 |   186 ||   282
         Punch             |       |     1 ||     1
   Stab: Sleeping          |     1 |     1 ||     2
 Armour: Animal skin       |    19 |     7 ||    26
         Chain mail        |       |    86 ||    86
  Dodge: Dodged            |    73 |    89 ||   162
   Form: Beast             |     1 |       ||     1
                           |       |     1 ||     1

Table legend: (Time is in decaauts)
 A = Elapsed time spent in this place.
 B = Non-inter-level travel time spent in this place.
 C = Inter-level travel time spent in this place.
 D = Time resting spent in this place.
 E = Time spent auto-exploring this place.
 F = Levels seen in this place.
 G = Mean time per level.
                   A        B        C        D        E       F      G
               +--------+--------+--------+--------+--------+-----+--------+
         Total |   2827 |   2749 |     78 |    107 |   2097 |   3 |  942.3 |
       Dungeon |   2827 |   2749 |     78 |    107 |   2097 |   3 |  942.3 |
               +--------+--------+--------+--------+--------+-----+--------+

Top non-repeatable levels by time:
     D:1: 1129 daAuts
     D:2: 961 daAuts
     D:3: 736 daAuts
